 Dungeon Crawl Stone Soup version 0.23-a0-619-g281719c (webtiles) character file.

555 Borgoz the Covered (level 7, -2/91 HPs)
             Began as a Minotaur Fighter on Dec 22, 2018.
             Killed by divine providence
             ... invoked by an orc priest
              (8 damage)
             ... on level 5 of the Dungeon.
             The game lasted 00:08:13 (3874 turns).

Borgoz the Covered (Minotaur Fighter)               Turns: 3874, Time: 00:08:13

Health: -2/91      AC: 23    Str: 20    XL:     7   Next: 8%
Magic:  6/6        EV:  2    Int:  5    God:
Gold:   141        SH: 12    Dex: 20    Spells: 6/6 levels left

rFire    . . .     SeeInvis +   h - +0 hand axe (curse)
rCold    . . .     Gourm    .   c - +1 shield
rNeg     + + +     Faith    .   (armour currently unavailable)
rPois    +         Spirit   .   (helmet currently unavailable)
rElec    .         Reflect  .   (cloak currently unavailable)
rCorr    .         Harm     .   (gloves currently unavailable)
MR       .....     NoTele   +   (boots currently unavailable)
Stlth    +++.......             g - amulet of inaccuracy (curse)
HPRegen  0.25/turn              n - ring of see invisible
MPRegen  0.10/turn              x - +3 ring of dexterity

@: agile, tree-form, slowed, very slow
A: (retaliatory headbutt)
a: no special abilities


You were on level 5 of the Dungeon.
You were not hungry.
You were a tree.
You visited 1 branch of the dungeon, and saw 5 of its levels.

You collected 141 gold pieces.

Inventory:

Hand Weapons
 a - a +0 war axe
 h - a cursed +0 hand axe (weapon)
Armour
 b - a +0 scale mail (melded)
 c - a +1 shield (worn)
Jewellery
 g - a cursed amulet of inaccuracy (around neck)
 j - an uncursed ring of wizardry
 n - a ring of see invisible (left branch)
 o - an uncursed ring of wizardry
 t - an uncursed ring of wizardry
 v - a +2 amulet of reflection {unknown}
 x - a +3 ring of dexterity (right branch)
 y - an uncursed ring of protection from cold
Scrolls
 m - 3 scrolls of teleportation
 q - 2 scrolls of amnesia
 s - a scroll of blinking
 w - a scroll of enchant armour
Potions
 d - a potion of degeneration
 e - 2 potions of mutation
Comestibles
 f - 13 rations
 i - 3 chunks of flesh


   Skills:
 + Level 5.4 Fighting
 + Level 4.6 Axes
 + Level 5.5 Armour
 + Level 3.3 Dodging
 + Level 5.3 Shields


You had 6 spell levels left.
You didn't know any spells.
Your spell library was empty.

Dungeon Overview and Level Annotations

Branches:
Dungeon (5/15)
 Temple: D:4-7

Altars:

Shops:
D:4 *%


Innate Abilities, Weirdness & Mutations

((You reflexively headbutt those who attack you in melee.))
((You have a pair of horns on your head.))


Message History

You block the orc's attack.
The orc wizard gestures wildly while chanting.
The orc wizard seems to speed up.
The orc hits you but does no damage.
The orc priest invokes the aid of Beogh against you.
Beogh smites you!
* * * LOW HITPOINT WARNING * * *
You block the orc wizard's attack.
The shadow imp shouts!
You slash the orc wizard!
You kill the orc wizard!
You hit the orc. The orc hits you but does no damage.
You block the orc's attack.
You cannot move.
Unknown command.
You closely miss the orc.
The orc is almost dead.
The orc hits you but does no damage.
The orc priest invokes the aid of Beogh against you.
Beogh smites you!
You die...

#.##.# #.# # #.##.# #.#
#.#.###.##.### ##.##
.............######...##
#..........#............
##.###.###########...##
#5# ##.## #)# #.### #♣#
#.>.. #o# #.### #o# #.#
#o# #.# #.. .. ##.. .##
.# .#


You could see an orc priest, a shadow imp and 2 orcs.

Vanquished Creatures
  2 hounds (D:4)
  An orc priest (D:3)
  A jelly (D:4)
  6 orc wizards
  A centaur skeleton (D:5)
  2 worker ants (D:4)
  4 gnolls (D:3)
  4 adders
  A shadow imp (D:3)
  2 oozes
  An adder skeleton (D:4)
  A worm (D:2)
  5 dart slugs
  A leopard gecko (D:4)
  14 orcs
  2 giant cockroaches (D:2)
  10 goblins
  4 hobgoblins
  3 jackals (D:5)
  7 kobolds
  A quokka (D:2)
  A ball python (D:4)
  A ball python zombie (D:5)
  6 bats
  7 frilled lizards
  A quokka zombie (D:5)
  3 rats
92 creatures vanquished.

Notes
Turn   | Place    | Note
-------+----------+-------------------------------------------
     0 | D:1      | Borgoz the Minotaur Fighter began the quest for the Orb.
     0 | D:1      | Reached XP level 1. HP: 19/19 MP: 0/0
   342 | D:1      | Reached XP level 2. HP: 21/27 MP: 1/1
   700 | D:2      | Reached skill level 1 in Dodging
   890 | D:2      | Reached XP level 3. HP: 33/33 MP: 2/2
  1435 | D:3      | Reached XP level 4. HP: 40/40 MP: 3/3
  1687 | D:3      | Reached XP level 5. HP: 17/47 MP: 4/4
  2243 | D:4      | Noticed an ogre
  2526 | D:4      | Reached XP level 6. HP: 37/55 MP: 5/5
  2529 | D:4      | Reached skill level 5 in Armour
  2719 | D:4      | Reached skill level 5 in Fighting
  2901 | D:4      | Found Qatogurr's Food Shoppe.
  2932 | D:4      | Found Ylif's Elemental Accessories.
  3035 | D:4      | Reached skill level 5 in Shields
  3317 | D:5      | Entered Level 5 of the Dungeon
  3465 | D:5      | HP: 2/56 [worker ant (6)]
  3860 | D:5      | Reached XP level 7. HP: 32/61 MP: 6/6
  3874 | D:5      | Killed from afar by an orc priest

Vault maps used:
D:1:      psy_arrival_basics
D:3:      first_ration
D:4:      serial_shops, shop_fountains, st_stairs_14, nicolae_elemental_shop
D:5:      gammafunk_temple_overflow_statue, minmay_temple_entry_proselytizer

Skill      XL: |  1  2  3  4  5  6 |
---------------+-------------------+-----
Dodging        | 1 2 3 |  3.3
Fighting       | 4 5 |  5.4
Axes           | 3 4 |  4.6
Armour         | 4 5 |  5.5
Shields        | 4 5 |  5.3

Action                   |  1- 3 |  4- 6 |  7- 9 || total
-------------------------+-------+-------+-------++-------
Melee: War axe           |    10 |       |       ||    10
       Hand axe          |    99 |   231 |     9 ||   339
       Headbutt          |    18 |    30 |       ||    48
  Use: Scroll            |     3 |     8 |       ||    11
       Potion            |       |     4 |     3 ||     7
  Eat: Chunk             |     2 |     8 |       ||    10
Armor: Scale mail        |    41 |    88 |     2 ||   131
       Skin              |       |       |     9 ||     9
Dodge: Dodged            |    31 |    90 |     3 ||   124
Block: Shield            |    40 |   137 |     9 ||   186

Table legend:
 A = Non-vault XP
 B = Vault XP
 C = Vault XP percentage of total XP
 D = Non-vault monster count
 E = Vault monster count
 F = Vault count percentage of total count
                 A         B        C        D         E       F
            +---------+---------+-------+---------+---------+-------
      Total |     789 |       5 |   0.6 |      91 |       1 |   1.1
            +---------+---------+-------+---------+---------+-------
        D:1 |      29 |       0 |   0.0 |      11 |       0 |   0.0
        D:2 |      64 |       0 |   0.0 |      23 |       0 |   0.0
        D:3 |     177 |       0 |   0.0 |      26 |       0 |   0.0
        D:4 |     297 |       5 |   1.7 |      14 |       1 |   6.7
        D:5 |     222 |       0 |   0.0 |      17 |       0 |   0.0
            +---------+---------+-------+---------+---------+-------
